Map: Whirlwind LE (Void)

Players

Erik

  • Race: Zerg Zerg
  • Spawn Location: 7:00

Drager - Winner!

  • Race: Protoss Protoss
  • Spawn Location: 5:00

Event: WESG 2016 Finals

VOD

Have the link to the VOD?

Description

Time

  • Played on: Jan. 12, 2017, 5:16 a.m.
  • Length: 17:05

All games in this series

Show
View Real Time Build Order
Export as new Build Order

Erik Zerg 

Build Orders: Hatch First 

Get SALT Encoding   

  12  0:01  Drone  
  13  0:10  Drone  
  14  0:35  Hatchery  
  14  0:36  Drone  
  14  0:44  Overlord  
  14  0:49  Extractor  
  14  0:50  Drone  
  15  1:02  Drone x2  
  17  1:09  Drone  
  17  1:10  Extractor  
  17  1:17  Spawning Pool  
  16  1:20  Drone  
  17  1:30  Drone  
  18  1:41  Drone  
  19  1:47  Drone  
  19  1:52  Drone  
  21  2:00  Hatchery  
  21  2:01  Drone  
  21  2:08  Queen  
  21  2:14  Metabolic Boost  
  23  2:20  Drone x2  
  25  2:24  Drone  
  25  2:28  Overlord  
  26  2:36  Queen  
  28  2:47  Drone x4  
  28  2:50  Overlord  
  32  2:58  Zergling x2  
  33  3:00  Zergling x2  
  33  3:03  Zergling x2  
  35  3:09  Zergling x2  
  35  3:12  Queen  
  38  3:13  Zergling x2  
  38  3:16  Drone x2  
  38  3:18  Drone x2  
  43  3:20  Drone  
  43  3:23  Drone  
  43  3:25  Drone  
  46  3:32  Evolution Chamber  
  45  3:34  Drone  
  45  3:35  Drone  
  45  3:36  Drone  
  48  3:43  Drone  
  48  3:44  Drone  
  49  3:49  Overlord  
  49  3:52  Overlord  
  49  4:02  Baneling Nest  
  49  4:04  Extractor  
  47  4:10  Zerg Melee Weapons Level 1  
  47  4:13  Drone x2  
  47  4:16  Drone x6, Spore Crawler  
  47  4:17  Drone, Spore Crawler  
  55  4:18  Drone x2  
  56  4:24  Overlord  
  56  4:27  Overlord  
  56  4:29  Drone  
  56  4:31  Zergling x10  
  62  4:40  Zergling x6  
  65  4:47  Zergling x4  
  65  4:50  Lair  
  67  4:55  Zergling x10  
  67  4:57  Zergling x6  
  67  4:58  Zergling x2  
  76  5:02  Drone  
  76  5:03  Drone x2  
  76  5:06  Drone  
  80  5:12  Extractor  
  79  5:15  Baneling x5  
  79  5:16  Baneling, Roach Warren  
  79  5:18  Drone x3  
  81  5:22  Overlord  
  81  5:26  Drone  
  81  5:28  Drone x3  
  81  5:30  Pneumatized Carapace  
  81  5:36  Drone  
  81  5:37  Overlord  
  81  5:40  Drone x3  
  85  5:44  Overlord  
  85  5:45  Hatchery  
  85  5:49  Hydralisk Den  
  82  5:53  Drone x6  
  84  5:59  Centrifical Hooks  
  84  6:03  Drone x2, Extractor  
  85  6:04  Extractor  
  85  6:09  Evolution Chamber  
  85  6:10  Drone x3  
  86  6:14  Zerg Missile Weapons Level 1, Extractor  
  85  6:20  Spore Crawler  
  85  6:22  Spore Crawler  
  85  6:24  Spore Crawler  
  85  6:25  Spore Crawler  
  79  6:33  Muscular Augments  
  79  6:34  Drone x12  
  79  6:35  Drone x4  
  84  6:42  Drone x3  
  82  6:56  Zerg Ground Armor Level 1  
  82  6:59  Queen  
  84  7:12  Queen  
  84  7:13  Spore Crawler x2  
  77  7:15  Hydralisk  
  77  7:16  Hydralisk x6  
  77  7:22  Drone x3  
  93  7:25  Drone x4  
  93  7:27  Drone  
  98  7:36  Hydralisk  
  98  7:37  Hydralisk  
  98  7:39  Overlord  
  98  7:40  Overlord  
  102  7:52  Overlord  
  102  7:54  Overlord  
  102  7:55  Overseer  
  102  7:57  Queen  
  103  8:06  Hydralisk x8  
  103  8:08  Overlord  
  119  8:14  Hydralisk x3  
  119  8:15  Hydralisk  
  127  8:25  Drone x8  
  135  8:32  Overlord x2  
  133  8:39  Overlord  
  132  8:47  Zerg Missile Weapons Level 2  
  128  8:48  Overlord  
  128  8:50  Drone x4  
  128  8:51  Extractor  
  128  8:54  Hydralisk  
  128  8:55  Hydralisk x4  
  139  9:01  Zerg Ground Armor Level 2  
  141  9:04  Hydralisk x2  
  141  9:05  Hydralisk  
  147  9:13  Drone x2  
  147  9:15  Hydralisk x3  
  147  9:16  Hydralisk x2  
  157  9:17  Hatchery  
  157  9:18  Hydralisk  
  160  9:30  Zergling x22  
  171  9:48  Hydralisk x2  
  171  9:50  Overlord x3  
  171  9:51  Overlord  
  175  9:53  Baneling x15  
  175  9:54  Baneling x7  
  175  9:59  Infestation Pit  
  174  10:10  Hydralisk  
  174  10:11  Hydralisk x9  
  194  10:27  Hydralisk x3  
  200  10:31  Spore Crawler  
  200  10:32  Spine Crawler  
  200  10:35  Spine Crawler  
  197  10:36  Hive  
  197  10:39  Drone  
  197  10:40  Drone x2  
  144  11:01  Hydralisk x6  
  144  11:02  Hydralisk x7  
  149  11:06  Hydralisk  
  149  11:07  Hydralisk  
  151  11:11  Extractor  
  151  11:12  Hydralisk  
  151  11:13  Hydralisk  
  151  11:15  Zergling x22  
  161  11:31  Hydralisk x6  
  157  11:47  Hydralisk x8  
  157  11:51  Extractor  
  157  11:53  Extractor  
  167  11:57  Hydralisk x4  
  175  12:05  Drone x3  
  175  12:06  Drone x2  
  180  12:11  Zerg Missile Weapons Level 3  
  180  12:20  Hatchery, Overseer  
  180  12:21  Overseer x2  
  178  12:24  Hydralisk x5  
  178  12:25  Hydralisk  
  190  12:41  Hydralisk x5  
  183  13:09  Hydralisk x13  
  198  13:18  Overlord x2  
  177  13:36  Overlord  
  177  13:37  Overlord  
  177  13:39  Hydralisk x12  
  199  13:51  Zerg Ground Armor Level 3  
  137  14:03  Hydralisk x10  
  137  14:04  Hydralisk x2  
  155  14:13  Hydralisk x4  
  163  14:30  Hydralisk x6  
  163  14:31  Hydralisk  
  162  14:43  Hydralisk  
  150  14:54  Hydralisk x4  
  150  14:59  Overlord x2  
  143  15:11  Zergling x6  
  143  15:13  Zergling x8  
  137  15:27  Hydralisk Den  
  135  15:34  Baneling Nest  
  119  16:01  Hydralisk x8  
  119  16:02  Hydralisk x4  
  139  16:17  Hydralisk x2  
  132  16:24  Hydralisk x2  
  113  16:34  Hydralisk x4  
Show
View Real Time Build Order
Export as new Build Order

Drager Protoss - Winner!

Build Orders: Nexus First 

Get SALT Encoding   

  12  0:00  Probe (Chrono Boost)  
  13  0:11  Probe (Chrono Boost)  
  14  0:20  Pylon  
  14  0:22  Probe (Chrono Boost)  
  15  0:38  Probe (Chrono Boost)  
  16  0:49  Probe (Chrono Boost)  
  17  0:58  Nexus  
  17  1:07  Gateway  
  17  1:11  Probe (Chrono Boost)  
  18  1:16  Assimilator  
  18  1:21  Probe (Chrono Boost)  
  18  1:24  Assimilator  
  19  1:32  Probe (Chrono Boost)  
  20  1:44  Probe (Chrono Boost)  
  20  1:46  Gateway  
  21  1:55  Probe (Chrono Boost)  
  21  1:57  Cybernetics Core  
  22  2:06  Probe (Chrono Boost)  
  23  2:12  Probe (Chrono Boost)  
  24  2:16  Probe (Chrono Boost)  
  25  2:23  Probe (Chrono Boost)  
  25  2:27  Probe (Chrono Boost)  
  27  2:30  Adept x2  
  27  2:35  Probe (Chrono Boost)  
  32  2:37  Warp Gate  
  32  2:39  Probe (Chrono Boost)  
  33  2:46  Pylon  
  33  2:47  Probe (Chrono Boost)  
  35  2:51  Probe (Chrono Boost)  
  36  2:58  Probe (Chrono Boost)  
  36  2:59  Adept  
  36  3:04  Probe (Chrono Boost), Adept  
  41  3:09  Probe (Chrono Boost)  
  41  3:11  Pylon  
  42  3:15  Probe (Chrono Boost)  
  42  3:16  Twilight Council  
  42  3:19  Probe (Chrono Boost)  
  44  3:25  Probe (Chrono Boost)  
  45  3:30  Probe (Chrono Boost)  
  45  3:33  Adept  
  48  3:34  Adept  
  48  3:36  Probe (Chrono Boost)  
  48  3:40  Probe (Chrono Boost)  
  52  3:46  Probe (Chrono Boost)  
  52  3:47  Gateway  
  53  3:50  Pylon  
  53  3:51  Probe (Chrono Boost)  
  54  4:03  Assimilator  
  54  4:06  Pylon  
  54  4:07  Assimilator  
  54  4:08  Probe x2 (Chrono Boost)  
  56  4:16  Stargate x2  
  56  4:18  Resonating Glaives  
  56  4:19  Probe x2 (Chrono Boost)  
  56  4:22  Pylon  
  58  4:29  Probe (Chrono Boost)  
  60  4:31  Probe (Chrono Boost)  
  60  4:40  Probe (Chrono Boost)  
  60  4:44  Adept x2  
  65  4:49  Adept  
  65  4:51  Nexus  
  67  4:52  Pylon  
  67  4:57  Oracle x2  
  67  4:58  Probe (Chrono Boost), Mothership Core (Chrono Boost)  
  76  5:10  Probe (Chrono Boost)  
  77  5:17  Pylon  
  77  5:18  Probe (Chrono Boost)  
  79  5:22  Probe (Chrono Boost)  
  77  5:29  Adept x2  
  77  5:30  Oracle x2, Probe (Chrono Boost), Adept  
  77  5:34  Probe (Chrono Boost)  
  85  5:42  Probe (Chrono Boost)  
  91  5:46  Probe (Chrono Boost)  
  91  5:54  Probe (Chrono Boost)  
  91  5:58  Probe (Chrono Boost)  
  91  6:02  Adept  
  93  6:06  Probe (Chrono Boost)  
  93  6:07  Pylon  
  93  6:09  Pylon  
  93  6:10  Probe (Chrono Boost)  
  93  6:11  Fleet Beacon  
  95  6:12  Probe (Chrono Boost)  
  95  6:13  Stargate  
  95  6:18  Probe (Chrono Boost), Assimilator  
  97  6:20  Pylon  
  97  6:22  Probe (Chrono Boost), Assimilator  
  97  6:23  Probe (Chrono Boost)  
  97  6:24  Pylon  
  99  6:31  Probe (Chrono Boost)  
  100  6:33  Probe (Chrono Boost)  
  100  6:34  Probe (Chrono Boost)  
  102  6:43  Probe (Chrono Boost), Adept x3  
  102  6:44  Probe (Chrono Boost)  
  102  6:46  Probe (Chrono Boost)  
  111  6:48  Carrier  
  111  6:50  Carrier  
  111  6:55  Probe (Chrono Boost)  
  117  7:05  Pylon  
  117  7:06  Carrier  
  123  7:09  Pylon  
  123  7:10  Pylon  
  129  7:24  Pylon  
  129  7:26  Pylon  
  129  7:28  Pylon  
  129  7:30  Graviton Catapult, Forge  
  129  7:41  Nexus  
  129  7:42  Pylon  
  129  8:02  Carrier  
  127  8:08  Carrier  
  127  8:13  Photon Cannon  
  127  8:16  Photon Cannon  
  127  8:17  Photon Cannon  
  127  8:18  Photon Cannon  
  127  8:19  Photon Cannon x2  
  139  8:21  Carrier  
  145  8:40  Probe (Chrono Boost)  
  140  8:48  Stargate  
  140  8:51  Templar Archives  
  140  8:57  Probe x3 (Chrono Boost)  
  143  9:04  Probe (Chrono Boost)  
  143  9:07  Probe (Chrono Boost)  
  143  9:09  Pylon  
  145  9:11  Photon Cannon, Pylon  
  145  9:12  Photon Cannon  
  145  9:13  Photon Cannon x2  
  145  9:15  Photon Cannon  
  145  9:16  Photon Cannon x2  
  151  9:25  Carrier  
  151  9:27  Pylon  
  151  9:29  Psionic Storm  
  157  9:40  High Templar  
  157  9:42  Carrier  
  159  9:50  Assimilator  
  159  9:52  Pylon  
  159  9:54  Assimilator  
  159  9:57  Photon Cannon  
  165  10:03  Pylon  
  165  10:04  Void Ray  
  165  10:06  Void Ray  
  173  10:32  Photon Cannon  
  173  10:34  Photon Cannon  
  173  10:42  Void Ray  
  173  10:49  Carrier  
  177  10:52  Carrier  
  177  10:56  Adept x3  
  147  10:57  Carrier  
  147  11:13  Carrier  
  147  11:14  Pylon  
  147  11:17  Mothership Core (Chrono Boost)  
  151  11:38  Protoss Air Weapons Level 1  
  151  11:41  High Templar  
  153  12:02  Photon Cannon  
  153  12:04  Photon Cannon, Pylon  
  153  12:06  Carrier, Photon Cannon  
  153  12:11  Carrier  
  153  12:14  Carrier  
  159  12:22  High Templar x2  
  166  12:27  High Templar  
  174  12:30  Pylon  
  174  12:47  Nexus  
  174  12:49  Assimilator  
  174  12:52  Pylon  
  174  12:55  Pylon  
  174  12:58  Pylon  
  174  13:00  Carrier  
  174  13:01  Pylon  
  174  13:02  Adept x2  
  174  13:03  Adept  
  160  13:21  Carrier  
  148  13:28  High Templar x2  
  148  13:29  High Templar  
  160  13:38  Void Ray  
  160  13:44  Nexus, Void Ray  
  168  13:49  Photon Cannon  
  154  14:16  Void Ray  
  151  14:20  Void Ray, Adept x3  
  156  14:29  Void Ray  
  163  14:44  Void Ray  
  164  14:53  Void Ray  
  166  15:31  Nexus  
  166  16:02  Pylon  
  166  16:11  Adept x3  
  166  16:18  Void Ray  
  172  16:19  Void Ray x2  
Tags
 
Add a new tag
Caveats
  • Supply blocks, unpowered buildings, or Contaminate may cause inaccurate times.
  • Supply counts are checked every 10 seconds.